 Dungeon Crawl Stone Soup version 0.27.1-4-g1640c2035a (webtiles) character file.

Game seed: 12420707388035722030

4323 zeram the Covert (level 10, 0/46 HPs)
             Began as a Spriggan Brigand on Nov 11, 2021.
             Was an Initiate of Gozag.
             Killed from afar by an acid dragon (9 damage)
             ... with a splash of acid
             ... on level 8 of the Dungeon.
             The game lasted 00:24:23 (13347 turns).

zeram the Covert (Spriggan Brigand)                Turns: 13347, Time: 00:24:25

Health: 0/46       AC:  3    Str:  8    XL:     10   Next: 11%
Magic:  11/11      EV: 17    Int: 14    God:    Gozag
Gold:   779        SH:  9    Dex: 18    Spells: 4/9 levels left

rFire    . . .     SeeInvis +   l - +3 dagger (flame)
rCold    . . .     Faith    .   n - +0 buckler {reflect}
rNeg     . . .     Spirit   .   b - +0 robe
rPois    +         Reflect  +   (helmet restricted)
rElec    .         Harm     .   r - +0 cloak {rPois}
rCorr    .         Rampage  .   (gloves unavailable)
Will     +....                  (boots unavailable)
Stlth    +++++.....             (no amulet)
HPRegen  0.15/turn              (no ring)
MPRegen  0.12/turn              (no ring)

@: gold aura, studying Earth Magic, very quick
A: very small, no large weapons, unfitting armour, see invisible, speed 3,
talons 1, MP-powered wands, noise suppression
a: Renounce Religion, Potion Petition, Call Merchant, Bribe Branch


You were on level 8 of the Dungeon.
You worshipped Gozag.
Gozag was pleased with you.
You visited 2 branches of the dungeon, and saw 10 of its levels.

You collected 825 gold pieces.
You paid 46 gold pieces to Gozag.

Inventory:

Hand Weapons
 a - a +2 dagger
 k - a +1 dagger of venom
 l - a +3 dagger of flaming (weapon)
Missiles
 d - 12 poisoned darts (quivered)
 e - 2 curare-tipped darts
 u - a throwing net
Armour
 b - a +0 robe (worn)
 c - a +1 cloak
 f - +0 fire dragon scales
 n - a +0 buckler of reflection (worn)
 r - a +0 cloak of poison resistance (worn)
Jewellery
 s - a +4 ring of evasion
Wands
 g - a wand of charming (9)
 h - a wand of acid (11)
Scrolls
 j - a scroll of amnesia
 o - a scroll of fog
 p - a scroll of magic mapping
Potions
 i - 2 potions of magic {unknown}
 m - 2 potions of heal wounds
 t - a potion of resistance {unknown}
 v - a potion of degeneration {unknown}


   Skills:
 - Level 1.5 Fighting
 - Level 4.0 Short Blades
 - Level 2.0 Throwing
 - Level 2.7 Dodging
 - Level 11.0 Stealth
 * Level 9.9 Shields


You had 4 spell levels left.
You knew the following spells:

 Your Spells              Type           Power      Damage    Failure   Level
a - Ensorcelled Hibernat  Hex/Ice        0%         N/A       41%         2
b - Tukima's Dance        Hex            0%         N/A       65%         3

Your spell library contained the following spells:

 Spells                   Type           Power      Damage    Failure   Level
 Corona                   Hex            0%         N/A       28%         1
 Slow                     Hex            0%         N/A       41%         2
 Confusing Touch          Hex            0%         N/A       65%         3
 Gell's Gravitas          Tloc           0%         N/A       65%         3
 Lesser Beckoning         Tloc           0%         N/A       65%         3
 Spider Form              Tmut/Pois      0%         N/A       65%         3
 Teleport Other           Tloc           0%         N/A       65%         3
 Yara's Violent Unravell  Hex/Tmut       0%         3d3       100%        5
 Shadow Creatures         Summ           N/A        N/A       100%        6
 Malign Gateway           Summ/Tloc      0%         N/A       100%        7
 Summon Horrible Things   Summ           0%         N/A       100%        8


Dungeon Overview and Level Annotations

Branches:
Dungeon (9/15)             Temple (1/1) D:5
   Lair: D:8-11         Orc: D:9-12

Altars:
Ashenzari
Elyvilon
Fedhas
Gozag
Hepliaklqana
Kikubaaqudgha
Makhleb
Okawaru
Qazlal
Ru
Sif Muna
Trog
Uskayaw
Vehumet
Wu Jian
Xom
Zin
The Shining One

Shops:
D:2 *

Annotations:
D:8 Pikel


Innate Abilities, Weirdness & Mutations

You are very small and have problems with some larger weapons.
You are too small for most types of armour.
You have supernaturally acute eyesight. (SInv)
You cover ground extremely quickly. (Speed+++)
You have sharp toenails.
You expend magic power (3 MP) to strengthen your wands.
You passively dampen the noise of your surroundings.


Message History

Okay, then.
The killer bee looks more healthy.
You block the killer bee's attack. The kobold completely misses you.
The killer bee stings you.
You are poisoned.
The killer bee poisons you!
Throw: 15 darts (poison)
Press: ? - help, Q - select action, (/) - cycle Shift-Dir - straight line, f/p - killer bee
Aim: a killer bee (almost dead, 34% to hit)
You throw a poisoned dart. The poisoned dart hits the killer bee.
The killer bee is poisoned.
The killer bee is almost dead.
You feel sick. The killer bee stings you. You block the kobold's attack.
You feel sick. The killer bee closely misses you.
You kill the killer bee!
You feel sick.
Throw: 14 darts (poison)
Press: ? - help, Q - select action, (/) - cycle Shift-Dir - straight line, f - killer bee
Aim: a killer bee (34% to hit)
You throw a poisoned dart. The poisoned dart hits the killer bee.
The killer bee is poisoned.
You feel sick.
The killer bee is distracted by your dazzling golden aura.
Throw: 13 darts (poison)
Press: ? - help, Q - select action, (/) - cycle Shift-Dir - straight line, f/p - killer bee
Aim: a killer bee (lightly wounded, unaware, poisoned, hasn't noticed you, 34% to hit)
You throw a poisoned dart.
The poisoned dart closely misses the killer bee.
The poisoned dart closely misses the kobold.
The killer bee buzzes angrily.
You feel sick.
You feel sick.
You feel sick.
You are no longer poisoned.
The acid dragon roars!
The killer bee is no longer distracted by gold.
The acid dragon spits acid at you. The splash of acid hits you!
You die...
Your body crumbles into a pile of gold.

...#.........####.....##
#..#.........####.#D.##
##...####.......#....####
##...# ##........#......#
#...####.?..##)....###..#
.....##.....##.....##
.....
....(.#.....##......#
#...
...#($.....K....(..## .##
...#...###.y....@..# .
.#........#..##>...# #.
##......##.........## ...
##...#.............#....
#...........##..........
###.......#..#.#........
#.##..#.#....#........
####..#...............
##.#.#.....#.......


You could see an acid dragon (catching breath), a killer bee (poisoned) and a
kobold.

Vanquished Creatures
  3 centaur skeletons (D:7)
  Prince Ribbit (D:8)
  A meliai zombie (D:7)
  Sigmund (D:2)
  Eustachio (D:6)
  A wyvern (D:7)
  A water moccasin (D:7)
  2 hornet zombies (D:7)
  A black bear (D:5)
  2 necrophages
  2 centaurs (D:7)
  A phantom (D:4)
  2 lemures (D:7)
  A kobold brigand (D:7)
  A gnoll sergeant (D:5)
  A water moccasin zombie (D:4)
  A water moccasin skeleton (D:4)
  3 jellies
  A killer bee (D:8)
  A howler monkey (D:4)
  3 centaur zombies
  A bullfrog zombie (D:4)
  3 orc priests
  A bullfrog skeleton (D:6)
  4 hounds
  A gnoll shaman (D:5)
  Jessica (D:3)
  A scorpion zombie (D:4)
  5 iguanas
  6 orc wizards (D:7)
  A howler monkey zombie (D:8)
  Robin (D:3)
  10 gnolls
  4 adders
  A howler monkey skeleton (D:7)
  5 shadow imps
  5 white imps
  An ufetubus (D:5)
  An adder zombie (D:4)
  5 worms
  3 dart slugs
  18 orcs
  9 endoplasms
  6 giant cockroaches
  9 goblins
  14 hobgoblins
  9 jackals
  6 kobolds
  2 quokkas
  7 ball pythons
  2 bats
  A frilled lizard (D:3)
  A jackal skeleton (D:4)
  4 rats
179 creatures vanquished.

Vanquished Creatures (others)
  12 withered plants (D:7)
12 creatures vanquished.

Grand Total: 191 creatures vanquished

Notes
Turn   | Place    | Note
-------+----------+-------------------------------------------
     0 | D:1      | zeram the Spriggan Brigand began the quest for the Orb.
     0 | D:1      | Reached XP level 1. HP: 10/10 MP: 2/2
   429 | D:1      | Reached skill level 6 in Stealth
   512 | D:1      | Reached XP level 2. HP: 5/14 MP: 3/3
   846 | D:1      | Found a faded altar of an unknown god.
  1080 | D:2      | Reached skill level 7 in Stealth
  1258 | D:2      | Reached XP level 3. HP: 4/18 MP: 4/4
  1258 | D:2      | Gained mutation: You expend magic power (3 MP) to
                  | strengthen your wands. [potion of mutation]
  1258 | D:2      | Gained mutation: You passively dampen the noise of your
                  | surroundings. [potion of mutation]
  1258 | D:2      | Gained mutation: You have sharp toenails. [potion of
                  | mutation]
  1579 | D:2      | Noticed Sigmund
  1904 | D:2      | Killed Sigmund
  1905 | D:2      | Reached skill level 9 in Stealth
  1905 | D:2      | Reached XP level 4. HP: 22/22 MP: 5/5
  1905 | D:2      | Reached XP level 5. HP: 25/25 MP: 6/6
  1995 | D:2      | Learned a level 2 spell: Ensorcelled Hibernation
  2001 | D:2      | Found Xulih's Assorted Antiques.
  2948 | D:3      | Noticed Jessica
  2956 | D:3      | Killed Jessica
  3014 | D:3      | Reached XP level 6. HP: 30/30 MP: 7/7
  3051 | D:3      | Noticed Robin
  3059 | D:3      | Killed Robin
  3319 | D:3      | Identified a scroll of acquirement
  3319 | D:3      | Acquired a +0 buckler of reflection
  3560 | D:3      | Reached skill level 10 in Stealth
  4357 | D:4      | Reached skill level 1 in Shields
  4413 | D:4      | Found a burning altar of Makhleb.
  4461 | D:4      | Learned a level 3 spell: Tukima's Dance
  4480 | D:4      | Reached skill level 11 in Stealth
  4480 | D:4      | Reached XP level 7. HP: 28/33 MP: 8/8
  4983 | D:5      | Entered Level 5 of the Dungeon
  4993 | D:5      | Found a staircase to the Ecumenical Temple.
  5004 | Temple   | Entered the Ecumenical Temple
  5233 | Temple   | Became a worshipper of Gozag Ym Sagoz the Greedy
  5858 | D:5      | Reached XP level 8. HP: 37/37 MP: 9/9
  6397 | D:5      | Found a radiant altar of Vehumet.
  6399 | D:5      | Found a stormy altar of Qazlal.
  6674 | D:6      | Noticed Eustachio
  6679 | D:6      | Killed Eustachio
  6680 | D:6      | Reached skill level 5 in Shields
  9050 | D:7      | Noticed a hellwing
  9050 | D:7      | Noticed a hellwing
  9257 | D:6      | HP: 1/37 [hellwing (14)]
  9558 | D:7      | Reached XP level 9. HP: 9/41 MP: 10/10
 11435 | D:7      | Reached XP level 10. HP: 42/46 MP: 11/11
 11888 | D:7      | HP: 1/46 [acid (6)]
 12391 | D:8      | Noticed Pikel
 13050 | D:8      | Noticed Prince Ribbit
 13053 | D:8      | Killed Prince Ribbit
 13347 | D:8      | Killed from afar by an acid dragon

Illustrated notes

Levels and vault maps discovered:
D:1:      beargit_arrival_greenhouse, layout_rooms,
          shapermc_ecumenical_altar_venn, chequers_serial_rivers_micro_b,
          minmay_tall_x
D:2:      wander_river, layout_loops_ring, serial_shops, shop,
          minmay_misc_feat_doors, kennysheep_cross_bottleneck,
          serial_bayou_pond_d, uniq_sigmund
D:3:      layout_basic, gup_sewer_entry_spiral, uniq_robin, uniq_jessica
D:4:      layout_basic, makhleb_heckhound_becter, serial_undead,
          serial_undead_f, serial_undead_c, serial_undead_d, serial_undead_f,
          st_stairs_13
D:5:      layout_loops_corners, nicolae_overflow_hidden_temple,
          minmay_temple_entry_sparse_star, grunt_decor_mini_mirrors,
          minmay_chambers_of_fives
D:6:      layout_basic, uniq_eustachio
D:7:      cheibrodos_grave_circle, layout_basic
D:8:      layout_cave_pools, general_overflow_altar, uniq_prince_ribbit1,
          uniq_pikel
D:9:      layout_loops_ring, slow_altar_1
Temple:   regret_index_temple_generic_petals

Skill      XL: |  1  2  3  4  5  6  7  8  9 |
---------------+----------------------------+-----
Stealth        | 6 7 9 11 | 11.0
Short Blades   | 3 4 |  4.0
Dodging        | 2 |  2.7
Shields        | 1 4 7 9 |  9.9
Fighting       | |  1.5
Throwing       | |  2.0

Action                   |  1- 3 |  4- 6 |  7- 9 | 10-12 || total
-------------------------+-------+-------+-------+-------++-------
Melee: Dagger            |    69 |   177 |   537 |   128 ||   911
       Kick              |     9 |    36 |   172 |    30 ||   247
Throw: Dart              |     5 |     5 |     9 |    23 ||    42
  Use: Scroll            |     6 |     2 |     8 |     1 ||    17
       Potion            |     2 |       |     6 |       ||     8
 Stab: Sleeping          |    10 |    22 |    12 |     2 ||    46
       Distracted        |       |     1 |     5 |       ||     6
       Invisible         |       |       |     1 |       ||     1
Armor: Robe              |     5 |    13 |    66 |     7 ||    91
Dodge: Dodged            |    38 |    99 |   426 |    77 ||   640
Block: Buckler           |       |     8 |   221 |    43 ||   272
       Reflection        |       |       |     2 |     4 ||     6
